 Dungeon Crawl Stone Soup version 0.21-a0-450-gd87a9b2 (webtiles) character file.

16 esteth the Sneak (level 2, 0/19 HPs)
             Began as a Vampire Enchanter on Nov 19, 2017.
             Slain by a leopard gecko (2 damage)
             ... on level 1 of the Dungeon.
             The game lasted 00:01:22 (494 turns).

esteth the Sneak (Vampire Enchanter)                 Turns: 494, Time: 00:01:23

Health: 0/19       AC:  2    Str:  7    XL:     2   Next: 41%
Magic:  1/5        EV: 12    Int: 17    God:
Gold:   43         SH:  0    Dex: 14    Spells: 2/5 levels left

rFire    + . .     SeeInvis +   a - +1 dagger
rCold    . . .     Gourm    .   (no shield)
rNeg     + . .     Faith    .   b - +0 robe
rPois    .         Spirit   .   (no helmet)
rElec    .         Reflect  .   (no cloak)
rCorr    .         Harm     .   (no gloves)
MR       .....                  (no boots)
Stlth    +++.......             (no amulet)
HPRegen  0.06/turn              i - ring of protection from cold
MPRegen  0.09/turn              j - ring of fire

@: no status effects
A: fangs 3, see invisible, unbreathing
a: no special abilities


You were on level 1 of the Dungeon.
You were not thirsty.

You visited 1 branch of the dungeon, and saw 1 of its levels.

You collected 43 gold pieces.

Inventory:

Hand Weapons
 a - a +1 dagger (weapon)
Armour
 b - a +0 robe (worn)
Jewellery
 i - a ring of protection from cold (left hand)
 j - a ring of fire (right hand)
Scrolls
 f - a scroll of identify {unknown}
 h - a scroll of random uselessness {unknown}
 k - a scroll of amnesia {unknown}
Potions
 d - 7 potions of blood
 e - a potion of flight {unknown}
 g - 2 potions of curing {unknown}
Books
 c - a book of Maledictions

   Spells                             Type                      Level
   a - Corona                         Hexes                        1
   b - Ensorcelled Hibernation        Hexes/Ice                    2
   c - Confuse                        Hexes                        3
   d - Tukima's Dance                 Hexes                        3
   e - Dazzling Spray                 Conjuration/Hexes            3


   Skills:
 - Level 1.1 Short Blades
 - Level 2.1 Dodging
 + Level 5.6 Stealth
 - Level 2.0 Spellcasting
 + Level 4.6 Hexes


You had 2 spell levels left.
You knew the following spells:

 Your Spells              Type           Power        Failure   Level  Hunger
a - Corona                Hex            ###....      3%          1    #......
b - Ensorcelled Hibernat  Hex/Ice        #.....       12%         2    ###....


Dungeon Overview and Level Annotations

Branches:
Dungeon (1/15)

Altars:


Innate Abilities, Weirdness & Mutations

You have razor-sharp teeth.
You have supernaturally acute eyesight. (SInv)
You can survive without breathing.


Message History

The bat hits you but does no damage.
Cast which spell? (? or * to list)
Aiming: Ensorcelled Hibernation
Press: ? - help, Shift-Dir - straight line, f - leopard gecko
Aim: a leopard gecko (clinging, chance to defeat MR: 58%)
The leopard gecko looks drowsy...
The bat completely misses you. The bat barely misses you.
The bat closely misses you.
The leopard gecko hisses angrily.
You barely miss the leopard gecko. The bat closely misses you.
The leopard gecko bites you.
* * * LOW HITPOINT WARNING * * *
The leopard gecko closely misses you.
Casting: Ensorcelled Hibernation
Confirm with . or Enter, or press ? or * to list all spells.
Aiming: Ensorcelled Hibernation
Press: ? - help, Shift-Dir - straight line, f - hobgoblin, p - leopard gecko
Aim: a hobgoblin (chance to defeat MR: 58%)
The hobgoblin resists with significant effort.
The bat barely misses you. The leopard gecko bites you.
You die...

............##.###.....####...#.#
............##.# #............#+#
##..........##.###..........[....
##.......#...#...#..........#....
........l#.......#..........#....
.........#.......#..........#.#'#
.....g...##.........#.......#....
..##...####....#g................
#+##...####....l@...........##...
.........##(...............###...
.........##......b.........# #...
............................ +...
.............................#...
...................(.........####
###..#................... #
#....#................... #
#.#..#......... #


You could see a leopard gecko, a hobgoblin and a bat.

Vanquished Creatures
  3 leopard geckos (D:1)
  5 bats (D:1)
  A giant cockroach (D:1)
  A goblin (D:1)
  2 kobolds (D:1)
12 creatures vanquished.

Notes
Turn   | Place    | Note
-------+----------+-------------------------------------------
     0 | D:1      | esteth the Vampire Enchanter began the quest for the Orb.
     0 | D:1      | Reached XP level 1. HP: 13/13 MP: 3/3
   105 | D:1      | Reached skill level 5 in Stealth
   148 | D:1      | Reached XP level 2. HP: 17/19 MP: 5/5
   158 | D:1      | Learned a level 2 spell: Ensorcelled Hibernation
   494 | D:1      | Slain by a leopard gecko

Vault maps used:
D:1:      lightli_arrival_statuegarden, minmay_misc_feat_pillars

Skill      XL: |  1 |
---------------+----+-----
Stealth        | 5 |  5.6
Short Blades   | |  1.1
Dodging        | |  2.1
Spellcasting   | |  2.0
Hexes          | |  4.6

Action                   || total
-------------------------++-------
Melee: Dagger            ||    43
       Bite              ||     3
 Cast: Ensorcelled Hiber ||     2
 Stab: Sleeping          ||     9
Armor: Robe              ||    30
Dodge: Dodged            ||    57

Table legend:
 A = Spawn XP
 B = Non-spawn XP
 C = Spawn XP percentage of total XP
 D = Spawn monster count
 E = Non-spawn monster count
 F = Spawn count percentage of total count
 G = Total turns spent on level
                    A         B        C        D         E        F      G
               +---------+---------+-------+---------+---------+-------+---------
         Total |       0 |      24 |   0.0 |       0 |      12 |   0.0 |   494
               +---------+---------+-------+---------+---------+-------+---------
           D:1 |       0 |      24 |   0.0 |       0 |      12 |   0.0 |   494
               +---------+---------+-------+---------+---------+-------+---------
